 Dungeon Crawl Stone Soup version 0.31-a0-986-g5e6e4ef867 (webtiles) character file.

Game seed: 12372330000165215079

167 Dittersdorf the Shield-Bearer (level 5, -1/42 HPs)
             Began as a Human Fighter on Nov 9, 2023.
             Slain by a scorpion (5 damage)
             ... on level 5 of the Dungeon.
             The game lasted 00:04:52 (3287 turns).

Dittersdorf the Shield-Bearer (Human Fighter)       Turns: 3287, Time: 00:04:52

Health: -1/42      AC:  5    Str: 18    XL:     5   Next: 76%
Magic:  5/5        EV: 10    Int:  9    God:
Gold:   1516       SH:  5    Dex: 12    Spells: 4/4 levels left

rFire   + . .        a - +0 long sword (heavy)
rCold   + . .        c - +0 buckler
rNeg    . . .        t - +0 ring mail {rC+}
rPois   .            (no helmet)
rElec   .            (no cloak)
rCorr   .            (no gloves)
SInv    .            (no boots)
Will    .....        (no amulet)
Stlth   +            x - ring of protection from fire
HPRegen 0.27/turn    (no ring)
MPRegen 0.09/turn

%: no passive effects
@: lethally poisoned (-1 -> -7)
A: no striking features
a: no special abilities


You were on level 5 of the Dungeon.
You visited 1 branch of the dungeon, and saw 5 of its levels.

You collected 1516 gold pieces.

Inventory:

Hand Weapons
 a - a +0 heavy long sword (weapon)
Armour
 c - a +0 buckler (worn)
 n - +1 fire dragon scales
 t - a +0 ring mail of cold resistance (worn)
 v - the +7 crystal plate armour of the Beginning {Regen+ Int+3 Dex-2}
   (You acquired it on level 5 of the Dungeon)

   Int+3:     It affects your intelligence (+3).
   Dex-2:     It affects your dexterity (-2).
   Regen+:    It increases your rate of health regeneration.
Jewellery
 x - a ring of protection from fire (left hand)
Wands
 r - a wand of roots (14) (quivered)
Scrolls
 h - a scroll of fear
 i - a scroll of brand weapon
 k - a scroll of poison
Potions
 d - a potion of might
 f - a potion of invisibility {unknown}
 j - a potion of curing {unknown}
 l - 2 potions of berserk rage {unknown}
 q - a potion of heal wounds
 u - a potion of resistance


   Skills:
 + Level 3.9 Fighting
 + Level 3.2 Long Blades
 + Level 3.9 Armour
 + Level 4.0 Shields


You had 4 spell levels left.
You didn't know any spells.
Your spell library contained the following spells:

 Spells                   Type           Power      Damage    Failure   Level
 Ensorcelled Hibernation  Hex/Ice        0%         N/A       80%         2
 Jinxbite                 Hex            0%         N/A       80%         2
 Anguish                  Hex/Necr       0%         N/A       100%        4


Dungeon Overview and Level Annotations

Branches:
Dungeon (5/15)
 Temple: D:4-7

Altars:
Fedhas
Makhleb
Okawaru
Qazlal

Annotations:
D:5 Menkaure


Message History

You completely miss the scorpion.
The scorpion is severely wounded.
You feel extremely sick. The scorpion misses you. The scorpion stings you.
You are lethally poisoned!
The scorpion poisons you!
The wyvern hisses menacingly.
The scorpion stings you.
You are too injured to fight recklessly!
You are too injured to fight recklessly!
You are too injured to fight recklessly!
You are too injured to fight recklessly!
You are too injured to fight recklessly!
You are too injured to fight recklessly!
You are too injured to fight recklessly!
You are too injured to fight recklessly!
You are too injured to fight recklessly!
You are too injured to fight recklessly!
You are too injured to fight recklessly!
You are too injured to fight recklessly!
You are too injured to fight recklessly!
You are too injured to fight recklessly!
You are too injured to fight recklessly!
You are too injured to fight recklessly!
You are too injured to fight recklessly!
You feel very sick.
* * * LOW HITPOINT WARNING * * *
You feel very sick. The scorpion attacks as it pursues you!
You block the scorpion's attack.
* * * LOW HITPOINT WARNING * * *
You feel very sick. The scorpion attacks as it pursues you!
The scorpion closely misses you.
* * * LOW HITPOINT WARNING * * *
You feel very sick.
There is a stone staircase leading up here.
* * * LOW HITPOINT WARNING * * *
You feel sick. The scorpion stings you.
* * * LOW HITPOINT WARNING * * *
The scorpion stings you.
You die...

## ####### #.#
##....... #.#
##.######
#.###l........
#@#.#######..
##s## #.# #.#
#.# #.#
#.######
#....<.#
######.#


You could see a scorpion.

Vanquished Creatures
  A jelly (D:4)
  8 adders
  3 worms
  A dart slug (D:1)
  4 orcs
  3 endoplasms
  A giant cockroach (D:3)
  5 goblins
  7 hobgoblins
  A jackal (D:3)
  3 quokkas
  8 ball pythons
  3 bats
  2 frilled lizards
  7 kobolds
  A rat (D:1)
58 creatures vanquished.

Notes
Turn   | Place    | Note
-------+----------+-------------------------------------------
     0 | D:1      | Dittersdorf the Human Fighter began the quest for the Orb.
     0 | D:1      | Reached XP level 1. HP: 18/18 MP: 1/1
    97 | D:1      | Reached XP level 2. HP: 19/24 MP: 2/2
   116 | D:1      | Found a faded altar of an unknown god.
   653 | D:2      | Reached XP level 3. HP: 20/29 MP: 3/3
  1124 | D:3      | You fall into a shaft and drop 2 floors!
  1124 | D:5      | Entered Level 5 of the Dungeon
  1178 | D:4      | Reached XP level 4. HP: 35/35 MP: 4/4
  1178 | D:4      | Found an iron altar of Okawaru.
  1603 | D:3      | Reached XP level 5. HP: 38/42 MP: 5/5
  1620 | D:3      | Found a blossoming altar of Fedhas.
  1621 | D:3      | Found a burning altar of Makhleb.
  1621 | D:3      | Found a stormy altar of Qazlal.
  2742 | D:4      | Reached skill level 4 in Shields
  2827 | D:5      | Identified 3 scrolls of acquirement
  2827 | D:5      | Acquired 503 gold pieces
  2829 | D:5      | Acquired the +7 crystal plate armour of the Beginning
                  | {Regen+ Int+3 Dex-2}
  2831 | D:5      | Acquired 868 gold pieces
  2857 | D:5      | Noticed a wyvern
  2858 | D:5      | Noticed Menkaure
  2899 | D:5      | HP: 2/42 [something/magic dart (4)]
  2906 | D:5      | Noticed a lemure
  3287 | D:5      | Slain by a scorpion

Illustrated notes

Levels and vault maps discovered:
D:1:      lightli_arrival_chessboard, layout_rooms, basic_ecumenical_altar
D:2:      layout_basic
D:3:      layout_loops_ring, minitemple, minmay_puff
D:4:      layout_cave_pools, overflow_temple_1_default
D:5:      layout_loops_ring, slow_altar_1, temple_statues, serial_glass,
          glass_columns_a, glass_columns_b, glass_columns_a, glass_columns_a,
          uniq_pikel, uniq_menkaure

Skill      XL: |  1  2  3  4  5 |
---------------+----------------+-----
Long Blades    | 3 |  3.2
Shields        | 4 |  4.0
Fighting       | |  3.9
Armour         | |  3.9

Action                     |  1- 3 |  4- 6 || total
---------------------------+-------+-------++-------
  Melee: Long sword        |    87 |   183 ||   270
    Use: Scroll            |       |    17 ||    17
 Armour: Scale mail        |    63 |    25 ||    88
         Ring mail         |       |   114 ||   114
  Dodge: Dodged            |    26 |    93 ||   119
  Block: Buckler           |    26 |    50 ||    76

Table legend: (Time is in decaauts)
 A = Elapsed time spent in this place.
 B = Non-inter-level travel time spent in this place.
 C = Inter-level travel time spent in this place.
 D = Time resting spent in this place.
 E = Time spent auto-exploring this place.
 F = Levels seen in this place.
 G = Mean time per level.
                   A        B        C        D        E       F      G
               +--------+--------+--------+--------+--------+-----+--------+
         Total |   3370 |   3233 |    137 |    225 |   2187 |   5 |  674.0 |
       Dungeon |   3370 |   3233 |    137 |    225 |   2187 |   5 |  674.0 |
               +--------+--------+--------+--------+--------+-----+--------+

Top non-repeatable levels by time:
     D:3: 1190 daAuts
     D:4: 811 daAuts
     D:2: 647 daAuts
     D:1: 417 daAuts
     D:5: 304 daAuts
